 Dungeon Crawl Stone Soup version 0.23.2-40-g277498a001 (webtiles) character file.

Game seed: 3231377125665475414

5797 MalarOregon the Thaumaturge (level 10, -2/69 HPs)
             Began as a Grey Draconian Conjurer on Sept 9, 2019.
             Was a Priest of Kikubaaqudgha.
             Slain by an orc warlord
             ... wielding a +0 broad axe
              (14 damage)
             ... in a bailey.
             The game lasted 00:27:20 (12135 turns).

MalarOregon the Thaumaturge (DrCj)                 Turns: 12135, Time: 00:27:21

Health: -2/69      AC: 14    Str: 10    XL:     10   Next: 50%
Magic:  11/28      EV: 12    Int: 20    God:    Kikubaaqudgha [***...]
Gold:   520        SH:  0    Dex: 11    Spells: 18/37 levels left

rFire    + . .     SeeInvis .   q - +2 short sword (flame)
rCold    . . .     Gourm    .   (no shield)
rNeg     . . .     Faith    .   (armour unavailable)
rPois    +         Spirit   .   (helmet restricted)
rElec    .         Reflect  .   (no cloak)
rCorr    .         Harm     .   (no gloves)
MR       .....                  l - +1 pair of boots of Kuejouf {rPois Slay+2}
Stlth    ++........             (no amulet)
HPRegen  0.21/turn              u - ring of poison resistance
MPRegen  0.21/turn              i - ring of protection from fire

@: very slightly contaminated
A: walk through water, unfitting armour, unbreathing, cold-blooded, AC +12
a: Receive Corpses, Renounce Religion


You were in a bailey.
You worshipped Kikubaaqudgha.
Kikubaaqudgha was most pleased with you.
You were near starving.

You visited 2 branches of the dungeon, and saw 9 of its levels.
You also visited: Bailey.

You collected 520 gold pieces.

Inventory:

Hand Weapons
 q - a +2 short sword of flaming (weapon)
   (You took it off a kobold on level 1 of the Dungeon)
Armour
 l - the +1 pair of boots of Kuejouf (worn) {rPois Slay+2}
   (You found it on level 5 of the Dungeon)

   It affects your accuracy and damage with ranged weapons and melee attacks
   (+2).
   It protects you from poison.
Magical Staves
 v - an uncursed staff of earth
   (You found it on level 7 of the Dungeon)
Jewellery
 i - a ring of protection from fire (right hand)
   (You found it on level 6 of the Dungeon)
 u - a ring of poison resistance (left hand)
   (You found it on level 6 of the Dungeon)
Wands
 c - a wand of disintegration (12)
   (You found it on level 6 of the Dungeon)
 d - a wand of iceblast (4)
   (You took it off Pikel on level 5 of the Dungeon)
 t - a wand of flame (15)
   (You took it off Eustachio on level 6 of the Dungeon)
Scrolls
 a - 6 scrolls of remove curse {@r2}
 h - 3 scrolls of blinking
 j - 4 scrolls of identify {@r1}
 k - a scroll of enchant weapon
 m - 2 scrolls of magic mapping
Potions
 b - a potion of haste {@q3}
 f - a potion of flight
 g - a potion of lignification {!q}
 n - 3 potions of curing {@q1}
 o - 2 potions of cancellation
 p - 2 potions of brilliance
 r - 3 potions of agility
Comestibles
 e - 7 rations {!d}


   Skills:
 + Level 1.7 Dodging
 - Level 1.7 Stealth
 + Level 14.0 Spellcasting
 - Level 4.0 Conjurations
 + Level 0.0 Necromancy


You had 18 spell levels left.
You knew the following spells:

 Your Spells              Type           Power        Failure   Level  Hunger
a - Magic Dart            Conj           ####         1%          1    None
c - Bolt of Draining      Conj/Necr      ###.......   50%         5    ###....
d - Dispel Undead         Necr           ##......     77%         5    ###....
x - Iskenderun's Mystic   Conj           ####....     9%          4    None
z - Fulminant Prism       Conj/Hex       ###.......   21%         4    None

Your spell library contained the following spells:

 Spells                   Type           Power        Failure   Level  Hunger
 Searing Ray              Conj           ####..       1%          2    None
 Throw Frost              Conj/Ice       ###...       3%          2    None
 Animate Skeleton         Necr           N/A          4%          1    None
 Freeze                   Ice            ##..         4%          1    None
 Pain                     Necr           ##..         4%          1    None
 Dazzling Spray           Conj/Hex       ###...       6%          3    None
 Sublimation of Blood     Necr           ##........   7%          2    None
 Ozocubu's Armour         Chrm/Ice       ##......     14%         3    None
 Regeneration             Chrm/Necr      ##........   14%         3    None
 Force Lance              Conj/Tloc      ###.....     21%         4    None
 Throw Icicle             Conj/Ice       ###.....     21%         4    None
 Summon Ice Beast         Ice/Summ       ##......     41%         4    None
 Excruciating Wounds      Chrm/Necr      ##........   77%         5    ###....
 Death Channel            Necr           ##........   100%        6    #####..
 Simulacrum               Ice/Necr       ##........   100%        6    #####..


Dungeon Overview and Level Annotations

Branches:
Dungeon (8/15)             Temple (1/1) D:4
   Lair: D:8-11

Altars:
Ashenzari
Cheibriados
Dithmenos
Elyvilon
Fedhas
Gozag
Hepliaklqana
Kikubaaqudgha
Makhleb
Nemelex Xobeh
Okawaru
Qazlal
Ru
Sif Muna
Trog
Uskayaw
Vehumet
Xom
Yredelemnul
Zin
The Shining One

Shops:
D:4 [   D:5 (%=}


Innate Abilities, Weirdness & Mutations

You can walk through water.
Your dull iron-grey scales are very hard. (AC +12)
You cannot fit into any form of body armour.
You can survive without breathing.
You are cold-blooded and may be slowed by cold attacks.


Message History

The goblin shouts!
You open the gate.
Things that are here:
a +0 hand axe; a +0 ring mail
Things that are here:
a +0 war axe; a +0 scale mail
There is an open door here.
The spell is very dangerous to cast (50% risk of failure)!
Continue anyway?
Aim: an orc warlord, wielding a +0 broad axe and wearing a +0 chain mail The bolt of negative energy hits the orc warlord!
The orc warlord is drained!
The bolt of negative energy hits the goblin!!
The goblin is drained!
You kill the goblin!
Kikubaaqudgha accepts your kill.
You are near starving!
The spell is very dangerous to cast (50% risk of failure)!
Continue anyway?
Aim: an orc warlord, wielding a +0 broad axe and wearing a +0 chain mail (lightly wounded, lightly drained)
You miscast Bolt of Draining.
You are very lightly contaminated with residual magic.
The world around you seems to dim momentarily.
The orc warlord hits you with a +0 broad axe!
The spell is very dangerous to cast (50% risk of failure)!
Continue anyway?
Aim: an orc warlord, wielding a +0 broad axe and wearing a +0 chain mail (lightly wounded, lightly drained)
The bolt of negative energy misses the orc warlord.
The orc warlord hits you with a +0 broad axe!!
The spell is very dangerous to cast (50% risk of failure)!
Continue anyway?
Aim: an orc warlord, wielding a +0 broad axe and wearing a +0 chain mail (lightly wounded, lightly drained)
You miscast Bolt of Draining.
Your skin tingles.
The orc warlord hits you with a +0 broad axe!!
* * * LOW HITPOINT WARNING * * *
Aim: an orc warlord, wielding a +0 broad axe and wearing a +0 chain mail (lightly wounded, lightly drained)
The bolt of acid hits the orc warlord.
The orc warlord is splashed with acid.
The acid corrodes the orc warlord!
The bolt of acid hits the goblin.
The goblin is splashed with acid!
You kill the goblin!
Kikubaaqudgha accepts your kill.
There is an open door here.
You see here a tomahawk of returning.
Aim: an orc warlord, wielding a +0 broad axe and wearing a +0 chain mail (moderately wounded, covered in acid, lightly drained)
The bolt of acid hits the orc warlord!
The orc warlord is splashed with acid.
The now-empty wand crumbles to dust.
The orc warlord closely misses you.
The mass of ice explodes!
The iceblast engulfs the orc warlord!!
The orc warlord is no longer covered in acid.
The orc warlord hits you with a +0 broad axe.
* * * LOW HITPOINT WARNING * * *
The mass of ice explodes!
The iceblast engulfs the orc warlord.
The orc warlord hits you with a +0 broad axe!
You die...
Kikubaaqudgha rasps: "You have failed me!
Welcome... death!"

♣♣...≈≈≈.#≈.........≈#.≈≈≈..
♣∩...≈≈≈.#≈....∩....≈#.≈≈≈(.
♣♣...≈≈≈.##.........##.≈≈≈..
♣(.(≈≈≈.#≈..8...8..≈#.(≈≈..
♣♣..###(#≈.........≈#(###..
♣.##...#≈=!8...8![≈#...##.
♣##....##≈≈#####≈≈##....##
##......####...####......#
#.......o@................
#..8..8..(..........8..8..
#.........(...............
♣##.........(.............#
♣≈##...8...##'''##...8...##
♣≈≈##.....##.))..##.....##≈
♣≈≈≈##...##.......##...##≈≈
♣♣≈≈≈#####...((....#####≈≈≈
♣♣≈≈≈≈≈≈≈....∩....≈≈≈≈≈≈≈♣


You could see an orc warlord.

Vanquished Creatures
  Pikel (D:5)
  An orc knight (Bailey)
  A hornet (D:7)
  Prince Ribbit (D:5)
  Sigmund (D:3)
  2 hungry ghosts
  Eustachio (D:6)
  Grum (D:8)
  Duvessa (D:5)
  A phantom (D:6)
  2 ice beasts
  6 orc warriors
  4 sky beasts
  A slave (D:5)
  3 ogres
  4 wolves
  A big kobold (D:7)
  Blork the orc (D:5)
  3 bullfrogs
  Dowan (D:5)
  2 scorpions
  2 howler monkeys
  A vampire bat (D:5)
  4 crimson imps
  A bullfrog zombie (D:8)
  A centaur zombie (D:5)
  5 hounds
  A centaur skeleton (D:6)
  A gnoll shaman (D:5)
  An orc priest (D:6)
  2 bullfrog skeletons
  3 iguanas
  8 worker ants
  4 orc wizards
  2 killer bee zombies
  A hound zombie (D:6)
  Robin (D:2)
  12 adders
  11 gnolls
  5 shadow imps
  4 adder skeletons
  4 worms
  2 dart slugs
  2 leopard geckos
  26 orcs
  4 ball pythons
  17 bats
  6 giant cockroaches
  16 goblins
  18 hobgoblins
  19 jackals
  24 kobolds
  6 frilled lizards
  7 rats
260 creatures vanquished.

Vanquished Creatures (others)
  2 slaves (D:6)
  A centaur zombie (D:6)
  An orc priest (D:6)
  A hound (D:6)
  An adder (D:6)
  5 fulminant prisms (Bailey)
11 creatures vanquished.

Grand Total: 271 creatures vanquished

Notes
Turn   | Place    | Note
-------+----------+-------------------------------------------
     0 | D:1      | MalarOregon the Draconian Conjurer began the quest for the
                  | Orb.
     0 | D:1      | Reached XP level 1. HP: 14/14 MP: 3/3
   140 | D:1      | Reached XP level 2. HP: 7/20 MP: 1/5
   456 | D:1      | Reached skill level 3 in Spellcasting
   643 | D:1      | Reached XP level 3. HP: 17/26 MP: 7/7
  1286 | D:2      | Reached skill level 4 in Spellcasting
  1548 | D:2      | Reached XP level 4. HP: 33/33 MP: 8/10
  1569 | D:2      | Learned a level 4 spell: Iskenderun's Mystic Blast
  2055 | D:3      | Found a blossoming altar of Fedhas.
  2163 | D:3      | Noticed a sky beast
  2197 | D:3      | Killed a sky beast
  2197 | D:3      | Reached skill level 5 in Spellcasting
  2197 | D:3      | Reached XP level 5. HP: 38/38 MP: 0/12
  2351 | D:3      | Noticed Robin
  2399 | D:3      | Noticed Sigmund
  2655 | D:3      | Reached skill level 6 in Spellcasting
  2655 | D:3      | Reached XP level 6. HP: 32/45 MP: 10/15
  2775 | D:3      | Found a snail-covered altar of Cheibriados.
  3128 | D:3      | Killed Sigmund
  3388 | D:2      | Killed Robin
  3637 | D:3      | Reached skill level 7 in Spellcasting
  3986 | D:4      | Your scales start taking on a dull iron-grey colour.
  3986 | D:4      | Reached XP level 7. HP: 50/50 MP: 4/17
  3986 | D:4      | Gained mutation: You can survive without breathing. [Grey
                  | Draconian growth]
  4372 | D:4      | Found Piuguedo's Armour Shop.
  4481 | D:4      | Found an iron altar of Okawaru.
  4519 | D:4      | Found a staircase to the Ecumenical Temple.
  4547 | Temple   | Entered the Ecumenical Temple
  4735 | Temple   | Became a worshipper of Kikubaaqudgha
  4897 | D:4      | Reached skill level 8 in Spellcasting
  5429 | D:4      | Found a shimmering altar of Xom.
  5708 | D:5      | Entered Level 5 of the Dungeon
  5913 | D:5      | Found an opulent altar of Gozag.
  5945 | D:5      | Noticed Prince Ribbit
  5956 | D:5      | Killed Prince Ribbit
  5956 | D:5      | Reached skill level 9 in Spellcasting
  5956 | D:5      | Reached XP level 8. HP: 35/57 MP: 2/21
  6131 | D:5      | Noticed Duvessa
  6403 | D:5      | Noticed Dowan
  6406 | D:5      | Killed Duvessa
  6528 | D:5      | Killed Dowan
  6601 | D:5      | Got a pair of faintly glowing boots
  6607 | D:5      | Identified the +1 pair of boots of Kuejouf {rPois Slay+2}
                  | (You found it on level 5 of the Dungeon)
  6608 | D:5      | Found Keghiwk's Food Emporium.
  6615 | D:5      | Found Cushrets's Weapon Boutique.
  6626 | D:5      | Reached skill level 10 in Spellcasting
  6690 | D:5      | Noticed Blork the orc
  6813 | D:5      | Killed Blork the orc
  7591 | D:5      | Found a bloodstained altar of Trog.
  7747 | D:5      | Found Tanyim's Jewellery Boutique.
  7755 | D:5      | Found Fiejiysch's Gadget Shop.
  7770 | D:5      | Reached XP level 9. HP: 45/62 MP: 0/23
  7814 | D:5      | Reached * piety under Kikubaaqudgha
  7814 | D:5      | Identified Kikubaaqudgha's Tome of Evil (Kikubaaqudgha
                  | gifted it to you on level 5 of the Dungeon)
  7814 | D:5      | Received a gift from Kikubaaqudgha
  7949 | D:5      | Found a glowing silver altar of Zin.
  8255 | D:6      | Noticed Pikel
  8374 | D:6      | Reached skill level 11 in Spellcasting
  8398 | D:5      | Killed Pikel
  8606 | D:6      | Noticed Eustachio
  8641 | D:6      | Killed Eustachio
  8773 | D:6      | Found a stormy altar of Qazlal.
  8813 | D:6      | Reached skill level 12 in Spellcasting
  8937 | D:6      | Reached ** piety under Kikubaaqudgha
  9120 | D:6      | Found a blossoming altar of Fedhas.
  9120 | D:6      | Found a burning altar of Makhleb.
 10100 | D:7      | Reached XP level 10. HP: 69/69 MP: 1/26
 10275 | D:7      | Found a hazy altar of Hepliaklqana.
 10311 | D:7      | Reached skill level 13 in Spellcasting
 10558 | D:8      | Noticed Grum
 10723 | D:8      | Killed Grum
 10905 | D:8      | Found a flagged portal.
 11136 | Bailey   | Entered a bailey
 11141 | Bailey   | Noticed an orc warlord
 11546 | Bailey   | Learned a level 4 spell: Fulminant Prism
 11551 | Bailey   | Learned a level 4 spell: Force Lance
 11567 | Bailey   | Found a runed translucent gate.
 11569 | Bailey   | Found a runed translucent gate.
 11571 | Bailey   | Found a runed translucent gate.
 11578 | Bailey   | Noticed an orc knight
 11635 | Bailey   | HP: 5/103 [orc knight/+0 war axe (7)]
 11637 | Bailey   | Killed an orc knight
 11637 | Bailey   | Reached *** piety under Kikubaaqudgha
 11637 | Bailey   | Identified Kikubaaqudgha's Volume of Evil (Kikubaaqudgha
                  | gifted it to you in a bailey)
 11637 | Bailey   | Received a gift from Kikubaaqudgha
 11637 | Bailey   | Reached skill level 14 in Spellcasting
 11957 | Bailey   | Learned a level 5 spell: Bolt of Draining
 11964 | Bailey   | Learned a level 5 spell: Dispel Undead
 12135 | Bailey   | Slain by an orc warlord

Skill      XL: |  1  2  3  4  5  6  7  8  9 10 |
---------------+-------------------------------+-----
Spellcasting   | 3 4 5 6 7 9 10 12 14 | 14.0
Dodging        | |  1.7
Stealth        | |  1.7
Conjurations   | |  4.0

Action                   |  1- 3 |  4- 6 |  7- 9 | 10-12 || total
-------------------------+-------+-------+-------+-------++-------
Melee: Short sword       |    87 |    80 |   209 |    79 ||   455
       Tailslap          |     9 |     7 |    21 |     5 ||    42
 Cast: Magic Dart        |    47 |    93 |   213 |    56 ||   409
       Iskenderun's Myst |       |    17 |   105 |    38 ||   160
       Fulminant Prism   |       |       |       |     5 ||     5
       Bolt of Draining  |       |       |       |     2 ||     2
Evoke: Wand              |       |       |       |     9 ||     9
  Use: Scroll            |       |       |    15 |     2 ||    17
       Potion            |       |       |       |     4 ||     4
 Stab: Sleeping          |     4 |       |       |       ||     4
       Invisible         |       |       |       |     3 ||     3
  Eat: Chunk             |     2 |     4 |    19 |     9 ||    34
       Ration            |       |     2 |     2 |     2 ||     6
Armor: Skin              |    30 |    25 |   214 |    67 ||   336
Dodge: Dodged            |    56 |    74 |   345 |    88 ||   563
